 Dungeon Crawl Stone Soup version 0.22.1-2-g9c5b331383 (webtiles) character file.

27 McIrco the Vexing (level 2, -2/19 HPs)
             Began as a Vampire Enchanter on Jan 5, 2019.
             Slain by a jackal (3 damage)
             ... on level 1 of the Dungeon.
             The game lasted 00:02:43 (3358 turns).

McIrco the Vexing (Vampire Enchanter)               Turns: 3358, Time: 00:02:43

Health: -2/19      AC:  2    Str:  7    XL:     2   Next: 93%
Magic:  1/5        EV: 12    Int: 17    God:
Gold:   56         SH:  0    Dex: 14    Spells: 2/5 levels left

rFire    . . .     SeeInvis +   a - +1 dagger
rCold    + + .     Gourm    .   (no shield)
rNeg     + + +     Faith    .   b - +0 robe
rPois    ∞         Spirit   .   (no helmet)
rElec    .         Reflect  .   (no cloak)
rCorr    .         Harm     .   (no gloves)
MR       .....                  (no boots)
Stlth    +++++.....             (no amulet)
HPRegen  0.00/turn              (no ring)
MPRegen  0.09/turn              (no ring)

@: bloodless, non-regenerating
A: fangs 3, see invisible, unbreathing
a: no special abilities


You were on level 1 of the Dungeon.
You were bloodless.

You visited 1 branch of the dungeon, and saw 1 of its levels.

You collected 56 gold pieces.

Inventory:

Hand Weapons
 a - a +1 dagger (weapon)
Armour
 b - a +0 robe (worn)
Jewellery
 j - an uncursed ring of poison resistance {unknown}
Scrolls
 e - 3 scrolls of teleportation {unknown}
 h - a scroll of identify {unknown}
Potions
 c - a potion of mutation {unknown}
 d - 7 potions of blood
 f - a potion of resistance {unknown}
 g - a potion of cancellation {unknown}
 i - a potion of heal wounds {unknown}


   Skills:
 + Level 0.1 Fighting
 + Level 1.4 Short Blades
 + Level 2.2 Dodging
 + Level 4.4 Stealth
 + Level 2.3 Spellcasting
 + Level 5.3 Hexes


You had 2 spell levels left.
You knew the following spells:

 Your Spells              Type           Power        Failure   Level  Hunger
a - Corona                Hex            ###....      1%          1    #......
b - Ensorcelled Hibernat  Hex/Ice        ##....       10%         2    ##.....

Your spell library contained the following spells:

 Spells                   Type           Power        Failure   Level  Hunger
 Confuse                  Hex            ###.....     6%          3    ###....
 Tukima's Dance           Hex            ###.....     6%          3    ###....
 Dazzling Spray           Conj/Hex       ##....       19%         3    ###....


Dungeon Overview and Level Annotations

Branches:
Dungeon (1/15)

Altars:


Innate Abilities, Weirdness & Mutations

You do not heal naturally.
You are immune to poison.
You have razor-sharp teeth.
You have supernaturally acute eyesight. (SInv)
You can survive without breathing.


Message History

The jackal barely misses you. The jackal closely misses you.
The jackal barely misses you.
Casting: Ensorcelled Hibernation (safe; 10% risk of failure)
Confirm with . or Enter, or press ? or * to list all spells.
Aiming: Ensorcelled Hibernation (safe; 10% risk of failure)
Press: ? - help, Shift-Dir - straight line, f/p - jackal
Aim: a jackal (chance to defeat MR: 60%)
The jackal resists with significant effort.
The jackal closely misses you. The jackal misses you. The jackal bites you.
* * * LOW HITPOINT WARNING * * *
The jackal closely misses you.
The jackal bites you but does no damage.
The jackal bites you but does no damage.
The jackal closely misses you. The jackal bites you.
* * * LOW HITPOINT WARNING * * *
The jackal bites you.
You die...

...#..<......#....#...# #.#
##. ...##...##...#....#...#
#.# #.
#...#####...##...########.#
#.
##...#.....##....#........#
#.
.###.#...###....##......###
#.
...#######.....##......##
#.
.............###....######
##. ###.......####.....##.
.. #..
..#########.....@h###.# #.
#.. ...............####
#.##.## #..
#...........####
#....####.. #############
##.#....... #...÷####..
#.##.## #.. #.## ### #..#
##.#


You could see a jackal.

Vanquished Creatures
  2 dart slugs (D:1)
  A leopard gecko (D:1)
  5 bats (D:1)
  2 giant cockroaches (D:1)
  A goblin (D:1)
  2 hobgoblins (D:1)
  4 jackals (D:1)
  A frilled lizard (D:1)
  A rat (D:1)
19 creatures vanquished.

Notes
Turn   | Place    | Note
-------+----------+-------------------------------------------
     0 | D:1      | McIrco the Vampire Enchanter began the quest for the Orb.
     0 | D:1      | Reached XP level 1. HP: 13/13 MP: 3/3
  2915 | D:1      | Reached XP level 2. HP: 14/19 MP: 3/5
  3126 | D:1      | Reached skill level 5 in Hexes
  3149 | D:1      | Learned a level 2 spell: Ensorcelled Hibernation
  3358 | D:1      | Slain by a jackal

Skill      XL: |  1  2 |
---------------+-------+-----
Hexes          | 5 |  5.3
Fighting       | |  0.1
Short Blades   | |  1.4
Dodging        | |  2.2
Stealth        | |  4.4
Spellcasting   | |  2.3

Action                   || total
-------------------------++-------
Melee: Dagger            ||    42
       Bite              ||     2
 Cast: Corona            ||     8
       Ensorcelled Hiber ||     3
 Stab: Sleeping          ||    12
  Eat: Corpse            ||     1
Armor: Robe              ||     5
Dodge: Dodged            ||    45
